AoeStats
← chusmanu1991

Arena

508292219Analyzed
1v1 RM · 10d ago on Sep 21, 2026· 52m 7s· 2 players
Game mode
Random Map
Map size
Tiny (2 player)
Population
200
Speed
Normal
Resources
Standard
Victory
Conquest
Starting age
Dark Age
Ending age
Imperial Age
RankedLock teamsTeams togetherTeam positionsShared explorationLock speedFull tech treeHidden civsTurbo modeCheats
Victory
Defeat
🇪🇸 Britons · Spain
626
+13
🇩🇪 Franks · Germany
561
-13
Karl der Otter
7:37 Loom
10:57 Feudal Age
17:15 Castle Age
15:11 Double-Bit Axe
18:11 Husbandry
20:08 Wheelbarrow
23:31 Scale Barding Armor
23:37 Forging
23:25 Gold Mining
26:58 Chain Barding Armor
30:31 Iron Casting
34:03 Imperial Age
34:36 #83
34:20 Fletching
34:53 Chivalry
35:14 Conscription
35:37 Cavalier
42:49 Plate Barding Armor
43:15 Blast Furnace
43:19 Paladin
46:23 Bodkin Arrow
chusmanu1991
12:05 Feudal Age
13:18 Horse Collar
13:35 Man-at-Arms
14:25 Double-Bit Axe
21:01 Castle Age
19:05 Gold Mining
19:20 Stone Mining
20:53 Forging
20:44 Scale Mail Armor
23:00 Bow Saw
22:52 Heavy Plow
23:25 Pikeman
24:07 Squires
26:40 Fletching
28:33 Padded Archer Armor
29:38 Gambesons
29:39 Arson
30:41 Ballistics
34:09 Imperial Age
32:30 Gold Shaft Mining
32:40 Leather Archer Armor
35:18 Bodkin Arrow
35:59 Iron Casting
38:33 Wheelbarrow
38:26 Yeomen
40:29 Chemistry
39:32 Bracer
41:39 Blast Furnace
40:55 Chain Mail Armor
42:41 Elite Longbowman
43:54 Plate Mail Armor
43:55 Ring Archer Armor
43:20 Halberdier
Connection lost

Rejoining the realm…

Still unreachable

The connection could not be restored.

Session expired

The server has moved on; the page needs a fresh start.